 Dungeon Crawl Stone Soup version 0.29.1-4-g47bece8355 (webtiles) character file.

Game seed: 11369617617543385732

102 KittyFluff the Cudgeller (level 4, -2/29 HPs)
             Began as a Gargoyle Berserker on Dec 3, 2022.
             Was a Believer of Trog.
             Slain by an orc
             ... wielding a +0 hand axe
              (5 damage)
             ... on level 4 of the Dungeon.
             The game lasted 00:15:19 (2461 turns).

KittyFluff the Cudgeller (Gargoyle Berserker)       Turns: 2461, Time: 00:15:19

Health: -2/29      AC:  5    Str: 21    XL:     4   Next: 77%
Magic:  4/4        EV: 12    Int:  7    God:    Trog [**....]
Gold:   192        SH:  0    Dex: 17    Spells: 3/3 levels left

rFire   . . .      SeeInvis +   a - +0 mace
rCold   . . .      Faith    .   (no shield)
rNeg    + . .      Spirit   .   b - +0 animal skin
rPois   ∞          Reflect  .   (no helmet)
rElec   +          Harm     .   (no cloak)
rCorr   .          Rampage  .   (no gloves)
Will    .....                   (no boots)
Stlth   ++........              (no amulet)
HPRegen 0.09/turn               D - ring of see invisible
MPRegen 0.09/turn               g - +6 ring of dexterity

@: no status effects
A: sickness immunity, AC +3, negative energy resistance 1, electricity
resistance, torment resistance 1, petrification resistance
a: Renounce Religion, Berserk, Trog's Hand


You were on level 4 of the Dungeon.
You worshipped Trog.
Trog was pleased with you.
You visited 1 branch of the dungeon, and saw 4 of its levels.

You collected 203 gold pieces.
You spent 11 gold pieces at shops.

Inventory:

Hand Weapons
 a - a +0 mace (weapon)
 d - a +0 vorpal sling
Missiles
 i - 5 poisoned darts (quivered)
 l - 6 boomerangs
 m - 28 stones
Armour
 b - a +0 animal skin (worn)
 k - a +0 ring mail of fire resistance
 t - a +0 leather armour
Magical Staves
 r - a staff of poison
Jewellery
 f - a ring of positive energy
 g - a +6 ring of dexterity (right hand)
 j - a ring of protection from fire
 D - a ring of see invisible (left hand)
Wands
 y - a wand of mindburst (12)
Scrolls
 c - 4 scrolls of teleportation
 e - a scroll of noise {unknown}
 o - a scroll of poison {unknown}
 p - 2 scrolls of brand weapon
 s - 2 scrolls of torment {unknown}
 v - a scroll of magic mapping {unknown}
 w - a scroll of blinking {unknown}
 x - a scroll of identify {unknown}
 z - a scroll of butterflies {unknown}
 A - a scroll of summoning {unknown}
 B - a scroll of vulnerability {unknown}
Potions
 h - a potion of degeneration
 n - a potion of haste {unknown}
 q - a potion of berserk rage {unknown}
 u - a potion of flight {unknown}
 C - 2 potions of curing {unknown}


   Skills:
 + Level 3.9 Fighting
 + Level 4.2 Maces & Flails
 + Level 0.1 Ranged Weapons
 * Level 2.9 Armour
 + Level 2.0 Dodging
 + Level 0.4 Stealth


You had 3 spell levels left.
You didn't know any spells.
Your spell library was empty.

Dungeon Overview and Level Annotations

Branches:
Dungeon (4/15)             Temple (0/1) D:4

Altars:
Hepliaklqana
Uskayaw
Xom

Shops:
D:1 !([!?

Annotations:
D:3 2 transporters, trentariffic's ghost, amateur DsAK


Innate Abilities, Weirdness & Mutations

You are immune to sickness and miasma.
Your stone body is resilient. (AC +3)
You are immune to poison.
You resist negative energy. (rN+)
You are resistant to electric shocks. (rElec)
You are resistant to unholy torment.
You are immune to petrification.


Message History

An orc priest and an orc come into view.
Found 19 gold pieces.
You see here a ring of see invisible.
D - a ring of see invisible The orc priest shouts!
You're wearing all the rings you can.
Remove which one? (? for menu, Esc to cancel) < or
f - a ring of positive energy; > or
g - a +6 ring of dexterity You remove your ring of positive energy.
D - a ring of see invisible (left hand)
The orc priest calls down the wrath of Beogh upon you.
Beogh smites you!
You hear a shout!
The orc shouts!
The orc priest hits you with a +0 dagger.
You barely miss the orc priest.
The orc priest hits you but does no damage.
You thump the orc priest!
The orc priest is severely wounded.
The orc priest completely misses you. The orc hits you but does no damage.
The orc priest hits you but does no damage.
The orc priest attacks as you move away!
The orc priest closely misses you.
The orc priest calls down the wrath of Beogh upon you.
Pain shoots through your body!
* * * LOW HITPOINT WARNING * * *
You sock the orc!
You kill the orc!
Trog accepts your kill.
You barely miss the orc priest.
The orc priest is severely wounded.
The orc priest hits you with a +0 dagger.
* * * LOW HITPOINT WARNING * * *
You sock the orc priest!
You kill the orc priest!
Trog accepts your kill.
Your Dodging skill increases to level 2!
You completely miss the orc. The orc completely misses you.
You closely miss the orc. The orc hits you with a +0 hand axe.
You die...

###....## #.......# ###
##.....## ###.##
#...#.####
.#...###.###....###
..........###.....#
...........###...###
......:......#.....#
...............#@.##
...............#o##
.#......##...#...#
.###...#..#.#......#
#.#..#.#....#..#....$#
.....#..#....##.....#..#
..... ...>. ..##...o#
..... #.. #... #...
..... .# .#.. ...#


You could see an orc.

Vanquished Creatures
  An orc priest (D:4)
  An adder (D:2)
  An ufetubus (D:4)
  A worm (D:3)
  A dart slug (D:2)
  2 orcs
  4 ball pythons
  6 endoplasms
  A giant cockroach (D:1)
  3 goblins
  4 hobgoblins
  9 kobolds
  A quokka (D:3)
  4 bats
  4 frilled lizards
  10 rats
53 creatures vanquished.

Notes
Turn   | Place    | Note
-------+----------+-------------------------------------------
     0 | D:1      | KittyFluff the Gargoyle Berserker began the quest for the
                  | Orb.
     0 | D:1      | Reached XP level 1. HP: 14/14 MP: 1/1
   140 | D:1      | Reached XP level 2. HP: 10/19 MP: 2/2
   172 | D:1      | Found Louschop's Distillery.
   241 | D:1      | Bought a potion of degeneration for 11 gold pieces
   265 | D:1      | Found Ugues's Weapon Shoppe.
   368 | D:1      | Found Fiolus's Antique Armour Emporium.
   453 | D:1      | Found Vomun's Magic Scroll Shop.
   510 | D:1      | Found Suirgh's Distillery.
   915 | D:2      | Reached ** piety under Trog
  1006 | D:2      | Reached XP level 3. HP: 24/24 MP: 3/3
  1072 | D:2      | Found a shimmering altar of Xom.
  1487 | D:3      | Found a transporter.
  1505 | D:3      | Found a transporter.
  1505 | D:3      | Noticed trentariffic's ghost (amateur DsAK)
  1885 | D:3      | Found a hide-covered altar of Uskayaw.
  1949 | D:3      | Reached XP level 4. HP: 28/29 MP: 4/4
  2004 | D:3      | Found a shimmering altar of Xom.
  2016 | D:3      | Reached skill level 4 in Maces & Flails
  2087 | D:3      | Found a hazy altar of Hepliaklqana.
  2441 | D:4      | Found a staircase to the Ecumenical Temple.
  2461 | D:4      | Slain by an orc

Illustrated notes

Levels and vault maps discovered:
D:1:      lightli_arrival_boilingwater, layout_basic, serial_shops,
          nicolae_lakefront_shop, nicolae_lakefront_shop, nicolae_shop_trees,
          shop, nicolae_shop_window_shopping, serial_curves, eino_curves_04,
          eino_curves_04, eino_curves_02, minmay_misc_feat_tower
D:2:      layout_basic, basic_altar, grunt_ministairs_9, mrwooster_statue_mirror
D:3:      layout_basic, mainiacjoe_overflow_swirl, old_standard_altar,
          gammafunk_ghost_arena, grunt_ministairs_7, uniq_jessica
D:4:      layout_cave_pools, minmay_temple_entry_mini_moons, grunt_ministairs_11

Skill      XL: |  1  2  3  4 |
---------------+-------------+-----
Maces & Flails | 4 |  4.2
Dodging        | 2 |  2.0
Fighting       | |  3.9
Ranged Weapons | |  0.1
Armour         | |  2.9
Stealth        | |  0.4

Action                   |  1- 3 |  4- 6 || total
-------------------------+-------+-------++-------
Melee: Mace              |    96 |    28 ||   124
 Fire: Sling             |     3 |       ||     3
  Use: Scroll            |     1 |     1 ||     2
 Stab: Sleeping          |     3 |       ||     3
Armor: Animal skin       |    34 |    10 ||    44
Dodge: Dodged            |    59 |    18 ||    77
